 Dungeon Crawl Stone Soup version 0.29.1-2-gbd0b4ee654 (webtiles) character file.

Game seed: 1064657233743179097

86 cdecastro the Magician (level 4, -9/32 HPs)
             Began as a Djinni Transmuter on Nov 11, 2022.
             Mangled by an iguana (10 damage)
             ... on level 4 of the Dungeon.
             The game lasted 00:04:25 (3495 turns).

cdecastro the Magician (Djinni Transmuter)          Turns: 3495, Time: 00:04:26

Health: -9/32      AC:  5    Str:  9    XL:     4   Next: 77%
Gold:   134        EV: 12    Int: 17    God:
                   SH:  0    Dex: 13

rFire   + + +      SeeInvis .     - Unarmed
rCold   x . .      Faith    .   (no shield)
rNeg    . . .      Spirit   .   m - +2 robe {Will+}
rPois   ∞          Reflect  .   (no helmet)
rElec   .          Harm     .   f - +0 cloak
rCorr   .          Rampage  .   (no gloves)
Will    +....                   (boots unavailable)
Stlth   +.........              (no amulet)
HPRegen 0.10/turn               j - ring of protection from fire
MPRegen 0.00/turn               (no ring)

@: flying
A: sickness immunity, fire resistance 2, cold vulnerability 1, float, innate
caster, HP casting, extra vitality 1
a: no special abilities


You were on level 4 of the Dungeon.
You visited 1 branch of the dungeon, and saw 4 of its levels.

You collected 134 gold pieces.

Inventory:

Missiles
 d - 42 stones
 e - 12 poisoned darts
Armour
 f - a +0 cloak (worn)
 m - a +2 robe of willpower (worn)
Jewellery
 j - a ring of protection from fire (left hand)
Scrolls
 h - a scroll of acquirement {unknown}
 i - 2 scrolls of identify {unknown}
 l - a scroll of butterflies {unknown}
 o - a scroll of poison {unknown}
 p - 3 scrolls of teleportation {unknown}
 r - a scroll of enchant armour {unknown}
 t - a scroll of immolation {unknown}
Potions
 a - 2 potions of cancellation {unknown}
 b - 2 potions of lignification
 c - a potion of might {unknown}
 g - 2 potions of brilliance {unknown}
 k - a potion of attraction {unknown}
 n - a potion of magic {unknown}
 q - a potion of berserk rage {unknown}
 s - a potion of invisibility {unknown}


   Skills:
 - Level 1.0 Fighting
 - Level 2.1 Dodging
 - Level 3.0 Unarmed Combat
 * Level 3.5 Spellcasting


You couldn't memorise any spells.
You knew the following spells:

 Your Spells              Type           Power      Damage    Failure   Level
a - Beastly Appendage     Tmut           28%        N/A       4%          1
b - Wereblood             Tmut           14%        N/A       6%          2
c - Spider Form           Tmut/Pois      14%        N/A       12%         3
d - Ice Form              Ice/Tmut       14%        N/A       36%         4
e - Sandblast             Erth           28%        2d8       4%          1
Your spell library was empty.

Dungeon Overview and Level Annotations

Branches:
Dungeon (4/15)
 Temple: D:4-7

Altars:
Zin

Shops:
D:1 :

Annotations:
D:3 exclusion: black bear


Innate Abilities, Weirdness & Mutations

You are immune to sickness and miasma.
You are immune to poison.
Your flesh is very heat resistant. (rF++)
You are vulnerable to cold. (rC-)
You float through the air rather than walking.
You learn spells naturally, not from books.
Your magical power is your life essence.
You have superior vitality. (+4 MHP)


Message History

There is a stone staircase leading down here.
You fly downwards.
You hear the sound of rushing water.
There is an entrance to a sewer on this level.
Hurry and find it before the portal rusts away!
There is a stone staircase leading up here.
Found a stone staircase leading up.
There is a stone staircase leading up here.
A jackal and an iguana come into view.
Found an escape hatch in the ceiling.
An adder comes into view.
Aiming: Sandblast (safe; 4% risk of failure)
Press: ? - help, Q - select action, (/) - cycle Shift-Dir - straight line, f - iguana
Aim: an iguana (84% to hit)
The blast of sand hits the iguana but does no damage.
The adder hisses angrily.
Unknown command.
Aiming: Sandblast (safe; 4% risk of failure)
Press: ? - help, Q - select action, (/) - cycle Shift-Dir - straight line, f/p - iguana
Aim: an iguana (84% to hit)
The blast of sand hits the iguana.
The iguana is lightly wounded.
The iguana bites you. The iguana barely misses you.
Aiming: Sandblast (safe; 4% risk of failure)
Press: ? - help, Q - select action, (/) - cycle Shift-Dir - straight line, f/p - iguana
Aim: an iguana (lightly wounded, 84% to hit)
The blast of sand hits the iguana but does no damage.
The iguana is lightly wounded.
You hear the slow rusting of a very distant drain.
The iguana bites you!
* * * LOW HITPOINT WARNING * * *
Aiming: Sandblast (safe; 4% risk of failure)
Press: ? - help, Q - select action, (/) - cycle Shift-Dir - straight line, f/p - iguana
Aim: an iguana (lightly wounded, 84% to hit)
The blast of sand hits the iguana!
The iguana is heavily wounded.
* * * LOW HITPOINT WARNING * * *
The iguana bites you!
* * * LOW HITPOINT WARNING * * *
The iguana bites you!
You die...

..........#.#
#...#..<..# ..
#.....##.#####
....#.#.#.##.....###
#.......##.###.#.#
#####.#.##.# #.#.#
#...#.##.###.#.#
#.....#.#####.......#
#..## #@# ######### .
#l# #......S...#
....l.#..(.#
....$........ ...#.
......... #.
#...$....... < .
...##..... ##..###
h##.#


You could see an iguana and an adder.

Vanquished Creatures
  2 adders (D:3)
  2 worms (D:3)
  3 dart slugs
  An orc (D:2)
  6 ball pythons
  6 bats
  4 endoplasms
  A giant cockroach (D:3)
  3 hobgoblins
  6 jackals
  3 frilled lizards
  6 goblins
  5 kobolds
  4 rats
52 creatures vanquished.

Notes
Turn   | Place    | Note
-------+----------+-------------------------------------------
     0 | D:1      | cdecastro the Djinni Transmuter began the quest for the
                  | Orb.
     0 | D:1      | cdecastro set off with the following spells memorised:
                  | Beastly Appendage, Wereblood, Spider Form, Ice Form.
     0 | D:1      | Reached XP level 1. HP: 17/17 MP: 0/0
    76 | D:1      | Found a faded altar of an unknown god.
   284 | D:1      | Found Yja Qiq's Book Shoppe.
   293 | D:1      | Reached XP level 2. HP: 17/22 MP: 0/0
   918 | D:1      | Reached XP level 3. HP: 24/27 MP: 0/0
   918 | D:1      | Learned a level 1 spell: Sandblast
  2416 | D:3      | Reached XP level 4. HP: 28/32 MP: 0/0
  2471 | D:3      | Noticed a black bear
  2786 | D:3      | Found a glowing silver altar of Zin.
  3495 | D:4      | HP: 1/32 [iguana (13)]
  3495 | D:4      | Mangled by an iguana

Illustrated notes

Levels and vault maps discovered:
D:1:      dpeg_arrival_stone_temple_mockup, layout_basic, serial_shops, shop,
          basic_ecumenical_altar
D:2:      layout_loops_ring, minmay_door_square, nicolae_figureground_sparkle
D:3:      layout_loops_ring, zin_treasury
D:4:      layout_basic, nicolae_dithmenos_through_a_glass_darkly,
          fedhas_altar_decomposition, portal_sewer_entry_e

Skill      XL: |  1  2  3 |
---------------+----------+-----
Spellcasting   | 2 3 |  3.5
Fighting       | |  1.0
Dodging        | |  2.1
Unarmed Combat | |  3.0

Action                   |  1- 3 |  4- 6 || total
-------------------------+-------+-------++-------
Melee: Unarmed           |   102 |       ||   102
       Punch             |     5 |       ||     5
       Headbutt          |     5 |       ||     5
 Cast: Beastly Appendage |    17 |       ||    17
       Sandblast         |    24 |    24 ||    48
Armor: Robe              |    33 |     1 ||    34
Dodge: Dodged            |    69 |     2 ||    71
